 Dungeon Crawl Stone Soup version 0.29.1-12-g30fa7ad0bf (webtiles) character file.

Game seed: 3600607231543104408

53 RapScallion the Trooper (level 3, 0/33 HPs)
             Began as a Hill Orc Fighter on Jan 15, 2023.
             Succumbed to a kobold's poison
             ... on level 2 of the Dungeon.
             The game lasted 00:06:11 (1443 turns).

RapScallion the Trooper (Hill Orc Fighter)          Turns: 1443, Time: 00:06:12

Health: 0/33       AC:  7    Str: 20    XL:     3   Next: 89%
Magic:  1/3        EV:  9    Int:  8    God:
Gold:   115        SH:  4    Dex: 10    Spells: 2/2 levels left

rFire   . . .      SeeInvis .   a - +0 war axe
rCold   . . .      Faith    .   c - +0 buckler
rNeg    . . .      Spirit   +   b - +0 scale mail
rPois   .          Reflect  .   (no helmet)
rElec   .          Harm     .   (no cloak)
rCorr   .          Rampage  .   (no gloves)
Will    .....                   (no boots)
Stlth   ..........              g - amulet of guardian spirit
HPRegen 0.11/turn               (no ring)
MPRegen 0.08/turn               (no ring)

@: lethally poisoned (0 -> -23), attractive
A: no striking features
a: no special abilities


You were on level 2 of the Dungeon.
You visited 1 branch of the dungeon, and saw 2 of its levels.

You collected 115 gold pieces.

Inventory:

Hand Weapons
 a - a +0 war axe (weapon)
Armour
 b - a +0 scale mail (worn)
 c - a +0 buckler (worn)
Jewellery
 g - an amulet of guardian spirit (around neck)
Scrolls
 e - a scroll of poison
 i - a scroll of teleportation {unknown}
 j - a scroll of identify
 k - a scroll of magic mapping
Potions
 d - 2 potions of might
 f - a potion of invisibility
 h - a potion of resistance {unknown}
 l - 2 potions of magic


   Skills:
 + Level 4.1 Fighting
 + Level 3.8 Axes
 + Level 3.7 Armour
 + Level 3.8 Shields


You had 2 spell levels left.
You didn't know any spells.
Your spell library contained the following spells:

 Spells                   Type           Power      Damage    Failure   Level
 Malign Gateway           Summ/Tloc      0%         N/A       100%        7
 Summon Horrible Things   Summ           0%         N/A       100%        8


Dungeon Overview and Level Annotations

Branches:
Dungeon (2/15)

Altars:


Message History

You hit the hobgoblin.
You kill the hobgoblin!
You slash the rat!
You kill the rat!
There is an open door, spattered with blood here.
You see here a +0 robe.
Found 12 gold pieces.
You now have 115 gold pieces (gained 12).
There is a dry fountain here.
You open the door.
Found a scroll of identify.
There is an open door here.
A kobold comes into view. It is wielding a +2 whip of venom.
The kobold shouts!
A ball python comes into view.
The kobold throws a stone.
You block the stone.
There is an open door here.
The kobold throws a stone.
The stone closely misses you.
There is an open door here.
The kobold throws a stone.
The stone closely misses you.
The kobold hits you with a +2 whip of venom.
You are poisoned.
There is an open door here.
You closely miss the kobold.
You feel very sick.
The kobold hits you with a +2 whip of venom.
You are more poisoned.
The kobold hits you with a +2 whip of venom.
You are lethally poisoned!
You barely miss the kobold.
You feel extremely sick. The kobold hits you but does no damage.
You are more poisoned.
You miss the kobold.
* * * LOW HITPOINT WARNING * * *
You feel extremely sick. The kobold hits you but does no damage.
It was a potion of attraction.
You feel attractive to monsters.
You die...

####.##.## .....##.#
#######.# .# ##.## .#
##.#.## # .#
##.###.## #.. .# #.##
##.# #...⌠ .#
##.###.## #####......
.# ##.#..#
###.@K...S... .#
##..#.###...##.⌠.....
.#
#..####...⌠..#.......
.#
#.###........##.?....
.#
#.............#.....S
.#
####.⌠........##.....
.# #...........#..⌠..
.###
##........⌠.##K..#
[..######...........#


You could see a ball python and a kobold.

Vanquished Creatures
  A gnoll (D:1)
  An adder (D:2)
  7 ball pythons
  A bat (D:1)
  3 endoplasms
  3 giant cockroaches
  3 goblins (D:1)
  2 hobgoblins (D:2)
  2 quokkas (D:1)
  2 frilled lizards (D:1)
  2 kobolds (D:1)
  6 rats
33 creatures vanquished.

Notes
Turn   | Place    | Note
-------+----------+-------------------------------------------
     0 | D:1      | RapScallion the Hill Orc Fighter began the quest for the
                  | Orb.
     0 | D:1      | Reached XP level 1. HP: 19/19 MP: 1/1
   209 | D:1      | Reached XP level 2. HP: 27/27 MP: 2/2
   246 | D:1      | Reached skill level 4 in Fighting
   545 | D:1      | Reached XP level 3. HP: 28/33 MP: 3/3
   926 | D:1      | Found a faded altar of an unknown god.
  1443 | D:2      | Succumbed to a kobold's poison

Illustrated notes

Levels and vault maps discovered:
D:1:      dpeg_arrival_oval, layout_basic, nicolae_ecumenical_snake_handling,
          minmay_stone_trees_small, minmay_pentomino_p4
D:2:      minmay_skewed_foursquare, layout_loops_ring, basic_altar

Skill      XL: |  1  2 |
---------------+-------+-----
Fighting       | 4 |  4.1
Axes           | 3 |  3.8
Armour         | |  3.7
Shields        | |  3.8

Action                   || total
-------------------------++-------
Melee: War axe           ||    96
  Use: Scroll            ||     5
       Potion            ||     1
Armor: Scale mail        ||    38
Dodge: Dodged            ||    48
Block: Buckler           ||    27
